 Dungeon Sprint DCSS version 0.30.0-29-ga12c61a403 (webtiles) character file.

Game seed: 12966658853917919624

318 boopmooplesden the Fighter (level 6, 0/94 HPs)
             Began as a Draconian Berserker on June 24, 2023.
             Was an Elder of Trog.
             Killed from afar by a steam dragon (11 damage)
             ... with a ball of steam
             ... in the Dungeon (Sprint IX: "|||||||||||||||||||||||||||||").
             The game lasted 00:00:38 (291 turns).

boopmooplesden the Fighter (Draconian Berserker)     Turns: 291, Time: 00:00:39

Health: 0/94       AC:  7    Str: 21    XL:     6   Next: 21%
Magic:  6/6        EV: 15    Int: 10    God:    Trog [****..]
Gold:   0          SH:  0    Dex: 14    Spells: 5/5 levels left

rFire   . . .        j - +1 broad axe (freeze)
rCold   . . .        (no shield)
rNeg    . . .        (body armour unavailable)
rPois   .            (helmet restricted)
rElec   .            (no cloak)
rCorr   .            k - +0 pair of gloves
SInv    .            (no boots)
Will    .....        (no amulet) Stlth
                     l - +3 ring of intelligence
HPRegen 0.35/turn    m - +3 ring of dexterity
MPRegen 0.10/turn

%: no teleportation
@: berserking (expiring), very quick
A: AC +6, unfitting armour, cold-blooded
a: Renounce Religion, Berserk, Trog's Hand, Brothers in Arms


You were in the Dungeon.
You worshipped Trog.
Trog was greatly pleased with you.
You visited 1 branch

Inventory:

Hand Weapons
 a - a +0 hand axe
 j - a +1 broad axe of freezing (weapon)
Armour
 k - a +0 pair of gloves (worn)
Jewellery
 l - a +3 ring of intelligence (left hand)
 m - a +3 ring of dexterity (right hand)
Wands
 i - a wand of light (10)
Scrolls
 g - 2 scrolls of blinking
Potions
 b - 5 potions of curing
 c - 3 potions of heal wounds
 d - a potion of haste
 e - 4 potions of magic
 f - a potion of berserk rage
 h - a potion of invisibility


   Skills:
 + Level 9.1 Fighting
 + Level 8.3 Axes
 + Level 7.2 Dodging


You had 5 spell levels left.
You didn't know any spells.
Your spell library was empty.

Dungeon Overview and Level Annotations

Branches:
Dungeon (1/1)

Altars:
Cheibriados
Dithmenos
Elyvilon
Fedhas
Gozag
Hepliaklqana
Kikubaaqudgha
Makhleb
Nemelex Xobeh
Okawaru
Qazlal
Ru
Sif Muna
Trog
Uskayaw
Vehumet
Wu Jian
Xom
Yredelemnul
Zin
The Shining One
Jiyva
Lugonu


Innate Abilities, Weirdness & Mutations

Your plain brown scales are hard. (AC +6)
You cannot fit into any form of body armour.
You are cold-blooded and may be slowed by cold attacks.


Message History

The yak gores you!
The orc wizard casts a spell.
The orc wizard flickers and vanishes!
You barely miss the yak. Your punch misses the yak.
The yak is heavily wounded.
The yak gores you!
You slash the yak! You freeze the yak.
The yak is severely wounded.
The yak gores you!
You barely miss the yak.
The yak is severely wounded.
The yak gores you but does no damage.
You slice the yak!! You freeze the yak.
You kill the yak!
Trog accepts your kill.
Your Fighting skill gained 2 levels and is now at level 9!
Your Axes skill gained 2 levels and is now at level 8!
Your Dodging skill increases to level 7!
You have reached level 6!
Your scales feel tougher.
Unknown command.
You barely miss the two-headed ogre. You tail-slap the two-headed ogre!
The two-headed ogre is moderately wounded.
You slash the two-headed ogre! You freeze the two-headed ogre.
The two-headed ogre is heavily wounded.
The two-headed ogre barely misses you.
The two-headed ogre hits you with a +0 giant club!!
You slash the two-headed ogre! You freeze the two-headed ogre.
The two-headed ogre is almost dead.
The two-headed ogre hits you with a +0 giant club!!
* * * LOW HITPOINT WARNING * * *
The two-headed ogre misses you.
You slash the two-headed ogre! You freeze the two-headed ogre.
You kill the two-headed ogre!
Trog accepts your kill. The steam dragon breathes steam at you.
The ball of steam hits something!!
Reactivating autopickup.
The ball of steam hits you!
You die...

▓.▓
▓.▓
▓{▓
▓c▓
▓D▓
▓§▓
▓§▓
▓@▓
▓.▓
▓[▓
▓[▓
▓.▓
▓.▓
▓)▓
▓?▓
▓.▓


There were no monsters in sight!

Vanquished Creatures
  A two-headed ogre (D)
  A yak (D)
  A scorpion (D)
  A hound (D)
  2 orc wizards (D)
  An iguana (D)
  2 hobgoblins (D)
  A ball python (D)
  A bat (D)
  A kobold (D)
12 creatures vanquished.

Vanquished Creatures (others)
  An orc wizard (D)
1 creature vanquished.

Grand Total: 13 creatures vanquished

Notes
Turn   | Place    | Note
-------+----------+-------------------------------------------
     0 | D        | boopmooplesden the Draconian Berserker began the quest for
                  | the Orb.
     0 | D        | Reached XP level 1. HP: 19/19 MP: 1/1
    10 | D        | Reached ** piety under Trog
    20 | D        | Noticed an orc wizard
    20 | D        | Noticed a hound
    20 | D        | Noticed an iguana
    20 | D        | Noticed a scorpion
    20 | D        | Noticed an orc wizard
    23 | D        | Killed an orc wizard
    23 | D        | Reached *** piety under Trog
    24 | D        | Reached skill level 5 in Fighting
    24 | D        | Reached XP level 2. HP: 29/29 MP: 2/2
    24 | D        | Reached XP level 3. HP: 36/36 MP: 3/3
    30 | D        | Killed a scorpion
    31 | D        | Reached skill level 6 in Fighting
    31 | D        | Reached skill level 5 in Axes
    31 | D        | Reached skill level 5 in Dodging
    31 | D        | Reached XP level 4. HP: 44/44 MP: 4/4
    47 | D        | Reached skill level 7 in Fighting
    47 | D        | Reached XP level 5. HP: 12/52 MP: 5/5
    51 | D        | HP: 1/52 [something/puff of flame (11)]
    52 | D        | Reached **** piety under Trog
   225 | D        | Found a snail-covered altar of Cheibriados.
   225 | D        | Found a shadowy altar of Dithmenos.
   225 | D        | Found a white marble altar of Elyvilon.
   225 | D        | Found a blossoming altar of Fedhas.
   225 | D        | Found an opulent altar of Gozag.
   226 | D        | Found a hazy altar of Hepliaklqana.
   227 | D        | Found a viscous altar of Jiyva.
   228 | D        | Found an ancient bone altar of Kikubaaqudgha.
   229 | D        | Found a corrupted altar of Lugonu.
   230 | D        | Found a burning altar of Makhleb.
   231 | D        | Found a sparkling altar of Nemelex Xobeh.
   232 | D        | Found an iron altar of Okawaru.
   233 | D        | Found a stormy altar of Qazlal.
   234 | D        | Found a sacrificial altar of Ru.
   235 | D        | Found a shimmering blue altar of Sif Muna.
   236 | D        | Found a bloodstained altar of Trog.
   237 | D        | Found a hide-covered altar of Uskayaw.
   238 | D        | Found a radiant altar of Vehumet.
   239 | D        | Found an ornate altar of the Wu Jian Council.
   240 | D        | Found a shimmering altar of Xom.
   241 | D        | Found a basalt altar of Yredelemnul.
   242 | D        | Found a glowing silver altar of Zin.
   243 | D        | Found a glowing golden altar of the Shining One.
   279 | D        | Noticed a centaur
   279 | D        | Noticed a steam dragon
   279 | D        | Noticed a two-headed ogre
   279 | D        | Noticed a yak
   287 | D        | Killed a yak
   288 | D        | Reached skill level 9 in Fighting
   288 | D        | Reached XP level 6. HP: 56/63 MP: 6/6
   291 | D        | Killed a two-headed ogre
   291 | D        | Killed from afar by a steam dragon

Illustrated notes

Levels and vault maps discovered:
D:        linesprint [early_d, line_temple, items_1, d_10, items_2, lair_1,
          lair_end, items_3, orc_1, orc_end, items_4, d_15, swamp_1, shoals_1,
          snake_1, spider_1, d_20, vaults_1, items_5, swamp_end, shoals_end,
          snake_end, spider_end, vaults_end, d_27, items_6, zot_1, zot_end,
          crypt_end, forest_end, elf_end, slime_end, tomb_end, abyss_end,
          pan_hell_end]

Skill      XL: |  1  2  3  4  5 |
---------------+----------------+-----
Dodging        | 4 5 7 |  7.2
Fighting       | 5 6 7 9 |  9.1
Axes           | 4 5 6 8 |  8.3

Action                     |  1- 3 |  4- 6 || total
---------------------------+-------+-------++-------
  Melee: Hand axe          |    19 |    22 ||    41
         Tailslap          |     1 |     6 ||     7
         Broad axe         |       |    11 ||    11
 Invoke: Berserk           |     1 |     1 ||     2
 Armour: Skin              |     4 |     8 ||    12
  Dodge: Dodged            |     7 |    14 ||    21
